 Dungeon Crawl Stone Soup version 0.31.0-32-g396128a36d (webtiles) character file.

Game seed: 8216118777952681733

65 spaghetti the Sneak (level 4, -1/28 HPs)
             Began as a Tengu Chaos Knight on Mar 22, 2024.
             Was a Plaything of Xom.
             Slain by a gnoll
             ... wielding a +0 halberd
              (13 damage)
             ... on level 2 of the Dungeon.
             The game lasted 00:01:18 (1239 turns).

spaghetti the Sneak (Tengu Chaos Knight)            Turns: 1239, Time: 00:01:19

Health: -1/28      AC:  5    Str: 13    XL:     4   Next: 14%
Magic:  5/5        EV: 11    Int: 14    God:    Xom [*.....]
Gold:   31         SH:  0    Dex: 13    Spells: 3/3 levels left

rFire   . . .        e - +2 dagger (venom)
rCold   . . .        (no shield)
rNeg    . . .        b - +2 leather armour
rPois   .            (helmet restricted)
rElec   .            (no cloak)
rCorr   .            (no gloves)
SInv    .            (boots unavailable)
Will    .....        (no amulet)
Stlth   ++           (no ring)
HPRegen 0.24/turn    (no ring)
MPRegen 0.09/turn

%: acrobat
@: no status effects
A: beak, talons 3, acrobatic
a: Renounce Religion


You were on level 2 of the Dungeon.
You worshipped Xom.
You were a special plaything of Xom.
You visited 1 branch of the dungeon, and saw 2 of its levels.

You collected 31 gold pieces.

Inventory:

Hand Weapons
 a - a +0 short sword of chaos
 e - a +2 dagger of venom (weapon)
Armour
 b - a +2 leather armour (worn)
Scrolls
 c - a scroll of butterflies
 f - 3 scrolls of revelation
 g - a scroll of amnesia
 l - a scroll of fog
 n - a scroll of teleportation
Potions
 d - 2 potions of heal wounds
 h - a potion of haste {unknown}
 i - a potion of mutation {unknown}
 j - a potion of lignification {unknown}
 k - a potion of curing {unknown}


   Skills:
 - Level 3.0 Fighting
 - Level 3.2 Short Blades
 - Level 2.1 Armour
 - Level 1.1 Dodging
 + Level 4.0 Stealth


You had 3 spell levels left.
You didn't know any spells.
Your spell library contained the following spells:

 Spells                   Type           Power      Damage    Failure   Level
 Apportation              Tloc           0%         N/A       36%         1
 Jinxbite                 Hex            0%         N/A       50%         2
 Alistair's Intoxication  Alch           0%         N/A       100%        5


Dungeon Overview and Level Annotations

Branches:
Dungeon (2/15)

Altars:
Kikubaaqudgha

Shops:
D:1 ?


Innate Abilities, Weirdness & Mutations

You have a beak for a mouth.
You have claws for feet.
You can magically evade attacks while moving or waiting.


Message History

The gnoll is heavily wounded.
The gnoll hits you from afar with a +0 halberd.
The gnoll misses you.
You hit the gnoll but do no damage. You peck the gnoll.
You kill the gnoll!
The gnoll closely misses you.
Your Stealth skill increases to level 4!
You have reached level 4!
You feel stronger.
You hit the gnoll.
The gnoll is poisoned.
You peck the gnoll.
The gnoll is lightly wounded.
The gnoll closely misses you. The gnoll barely misses you.
The gnoll hits you with a +0 club.
You are too injured to fight recklessly!
You are too injured to fight recklessly!
You are too injured to fight recklessly!
You are too injured to fight recklessly!
You are too injured to fight recklessly!
You are too injured to fight recklessly!
You are too injured to fight recklessly!
You are too injured to fight recklessly!
You are too injured to fight recklessly!
You are too injured to fight recklessly!
You are too injured to fight recklessly!
You are too injured to fight recklessly!
You are too injured to fight recklessly!
You are too injured to fight recklessly!
You are too injured to fight recklessly!
You are too injured to fight recklessly!
You are too injured to fight recklessly!
You are too injured to fight recklessly!
You are too injured to fight recklessly!
You are too injured to fight recklessly!
You are too injured to fight recklessly!
You barely miss the gnoll. Your kick misses the gnoll.
Your peck misses the gnoll.
The gnoll is lightly wounded.
The gnoll hits you from afar with a +0 halberd! x2
You die...
Xom howls with laughter!

########.....#.
#############.....#.
####..........##.....#.
#..........?..######.#.
#.............# ###.≈.
##............. #...≈.
............#######.#.≈.
........._..##......#.≈≈
......g@............###.
.....g..............###.
.....g.................#
...............##.####.#
....##.?..........# #.#
.... #............# #.#
### #............# #.#
#...........#####.#
#.................#


You could see 3 gnolls.

Vanquished Creatures
  A gnoll (D:2)
  2 dart slugs
  A ribbon worm (D:2)
  3 endoplasms
  3 giant cockroaches
  3 goblins
  3 hobgoblins
  6 jackals
  6 kobolds
  4 quokkas
  3 ball pythons (D:1)
  A bat (D:1)
  3 frilled lizards (D:1)
  6 rats
45 creatures vanquished.

Notes
Turn   | Place    | Note
-------+----------+-------------------------------------------
     0 | D:1      | spaghetti the Tengu Chaos Knight began the quest for the
                  | Orb.
     0 | D:1      | Reached XP level 1. HP: 14/14 MP: 2/2
    90 | D:1      | XOM: silly message
    97 | D:1      | Reached skill level 1 in Stealth
   181 | D:1      | Found Kitathyd's Magic Scroll Boutique.
   204 | D:1      | XOM: silly message
   208 | D:1      | Reached XP level 2. HP: 19/19 MP: 3/3
   228 | D:1      | Reached skill level 2 in Stealth
   372 | D:1      | Reached XP level 3. HP: 22/23 MP: 4/4
   464 | D:1      | Reached skill level 3 in Stealth
   758 | D:2      | XOM is BORED!
   758 | D:2      | XOM: noise
  1216 | D:2      | XOM: god gift: potion of heal wounds
  1225 | D:2      | Found an ancient bone altar of Kikubaaqudgha.
  1238 | D:2      | Reached skill level 4 in Stealth
  1238 | D:2      | Reached XP level 4. HP: 24/28 MP: 5/5
  1239 | D:2      | Slain by a gnoll

Illustrated notes

Levels and vault maps discovered:
D:1:      dpeg_arrival_three_bigger_balls, layout_loops_ring, serial_shops, shop
D:2:      layout_basic, basic_altar, hangedman_decor_push,
          chequers_serial_rivers_micro_d

Skill      XL: |  1  2  3 |
---------------+----------+-----
Stealth        | 1 2 4 |  4.0
Fighting       | |  3.0
Short Blades   | |  3.2
Armour         | |  2.1
Dodging        | |  1.1

Action                     |  1- 3 |  4- 6 || total
---------------------------+-------+-------++-------
  Melee: Dagger            |    71 |     2 ||    73
         Kick              |    24 |       ||    24
         Peck              |     9 |     1 ||    10
         Short sword       |     1 |       ||     1
    Use: Scroll            |     6 |       ||     6
   Stab: Sleeping          |     4 |       ||     4
 Armour: Leather armour    |    24 |     3 ||    27
  Dodge: Dodged            |    36 |     2 ||    38
